 Dungeon Crawl Stone Soup version 0.27.0-1-g7a089689b8 (webtiles) character file.

Game seed: 11145220429648654692

7049 hilljack the Cleaver (level 10, -15/136 HPs)
             Began as a Minotaur Gladiator on Aug 15, 2021.
             Was a High Priest of Kikubaaqudgha.
             Shot with a bolt by a yaktaur (24 damage)
             ... on level 15 of the Dungeon.
             The game lasted 00:19:55 (9319 turns).

hilljack the Cleaver (Minotaur Gladiator)           Turns: 9319, Time: 00:19:56

Health: -15/136    AC: 10    Str: 25    XL:     10   Next: 83%
Magic:  9/9        EV: 31    Int:  9    God:    Kikubaaqudgha [*****.]
Gold:   608        SH:  0    Dex: 19    Spells: 9/9 levels left

rFire    + + +     SeeInvis .   b - +6 flail (drain)
rCold    . . .     Faith    .   (no shield)
rNeg     . . .     Spirit   .   g - +0 ring mail
rPois    .         Reflect  .   c - +0 hat
rElec    .         Harm     .   q - +2 cloak {Stlth+}
rCorr    .         Rampage  .   (no gloves)
Will     .....                  (no boots)
Stlth    ..........             o - amulet of the acrobat
HPRegen  0.32/turn              r - ring of Balance {Drain rF+++ Str+6 Int+4 Dex+4}
MPRegen  0.11/turn              (no ring)

@: berserking, acrobatic, very quick
A: horns 2, retaliatory headbutt
a: Renounce Religion, Receive Corpses, Torment


You were on level 15 of the Dungeon.
You worshipped Kikubaaqudgha.
Kikubaaqudgha was extremely pleased with you.
You visited 2 branches of the dungeon, and saw 13 of its levels.
You also visited: Ossuary.

You collected 608 gold pieces.

Inventory:

Hand Weapons
 a - the +4 triple crossbow of Xoiky {penet, rPois Int+5}
   (You acquired it on level 5 of the Dungeon)

   Any ammunition fired by it passes through the targets it hits, potentially
   hitting all targets in its path until it reaches maximum range.
   Int:       It affects your intelligence (+5).
   rPois:     It protects you from poison.
 b - a +6 flail of draining (weapon)
 k - a +0 war axe
Missiles
 d - 3 throwing nets (quivered)
 j - 134 bolts
Armour
 c - a +0 hat (worn)
 g - a +0 ring mail (worn)
 q - a +2 cloak of stealth (worn)
Jewellery
 o - an amulet of the acrobat (around neck)
 r - the ring of Balance (left hand) {Drain rF+++ Str+6 Int+4 Dex+4}
   (You acquired it on level 5 of the Dungeon)

   [ring of strength]

   Str:       It affects your strength (+6).
   Int:       It affects your intelligence (+4).
   Dex:       It affects your dexterity (+4).
   rF:        It renders you almost immune to fire.
   Drain:     It drains your maximum health when unequipped.
 w - a ring of ice
Wands
 e - a wand of iceblast (20)
 m - a wand of acid (8)
 s - a wand of paralysis (8)
Scrolls
 h - a scroll of blinking
 i - a scroll of enchant weapon
 l - a scroll of enchant armour
 p - 3 scrolls of silence
 v - 2 scrolls of immolation
Potions
 n - 3 potions of curing
 t - 3 potions of might
 u - 2 potions of mutation
 x - a potion of magic
 z - a potion of haste {unknown}
 A - a potion of berserk rage
 B - a potion of ambrosia {unknown}
 D - a potion of lignification {unknown}


   Skills:
 + Level 9.0 Fighting
 + Level 9.3 Axes
 * Level 7.8 Crossbows
 - Level 4.8 Throwing
 + Level 8.5 Armour
 + Level 8.6 Dodging


You had 9 spell levels left.
You didn't know any spells.
Your spell library contained the following spells:

 Spells                   Type           Power      Damage    Failure   Level
 Pain                     Necr           0%         1d4       50%         1
 Corpse Rot               Necr/Air       N/A        N/A       65%         2
 Ensorcelled Hibernation  Hex/Ice        0%         N/A       65%         2
 Sublimation of Blood     Necr           0%         N/A       65%         2
 Dazzling Flash           Conj/Hex       0%         N/A       86%         3
 Spider Form              Tmut/Pois      0%         N/A       86%         3
 Vampiric Draining        Necr           0%         2d6       86%         3
 Animate Dead             Necr           0%         N/A       99%         4
 Dispel Undead            Necr           0%         3d6       99%         4
 Agony                    Necr           0%         N/A       100%        5
 Excruciating Wounds      Necr           0%         N/A       100%        5
 Silence                  Hex/Air        0%         N/A       100%        5
 Death Channel            Necr           0%         N/A       100%        6
 Shadow Creatures         Summ           N/A        N/A       100%        6
 Simulacrum               Ice/Necr       0%         N/A       100%        6


Dungeon Overview and Level Annotations

Branches:
Dungeon (15/15)            Temple (1/1) D:6          Depths (0/5) D:15
Ossuary (visited)
   Lair: D:8-11         Orc: D:9-12      Vaults: D:13-14

Altars:
Ashenzari
Cheibriados
Dithmenos
Fedhas
Gozag
Kikubaaqudgha
Makhleb
Okawaru
Qazlal
Sif Muna
Trog
Uskayaw
Vehumet
Wu Jian
Xom
Yredelemnul
The Shining One

Shops:
D:4 *   D:7 *   D:12 :

Portals:
Abyss: D:6

Annotations:
D:6 2 transporters, Phlounder's ghost, novice HuSu
D:12 3 runed translucent doors, JackMcBride's ghost, journeyman MiFi
D:14 Jorgrun


Innate Abilities, Weirdness & Mutations

You have a pair of horns on your head.
You reflexively headbutt those who attack you in melee.


Message History

The slime creature is heavily wounded.
The cyan ugly thing gores you. The cyan ugly thing shocks you!
A yaktaur comes into view.
A very large slime creature splits.
The cyan ugly thing closely misses you. You furiously retaliate!
You headbutt the cyan ugly thing!
You kill the cyan ugly thing!
Kikubaaqudgha accepts your kill.
The yaktaur wields a +0 arbalest.
The yaktaur shoots a bolt.
The bolt hits you!
You hear a shout! x2
Two slime creatures merge to form a very large slime creature.
Two slime creatures merge to form an enormous slime creature.
You close the door.
You sense an unholy aura.
b - a +6 flail of draining (weapon)
You hit the yaktaur. You headbutt the yaktaur.
The yaktaur is lightly wounded.
The yaktaur unwields a +0 arbalest.
The yaktaur hits you!
* * * LOW HITPOINT WARNING * * *
A red film seems to cover your vision as you go berserk!
You feel yourself moving faster!
You feel mighty! The yaktaur hits you.
* * * LOW HITPOINT WARNING * * *
You sock the yaktaur! You drain the yaktaur. You headbutt the yaktaur.
The yaktaur is heavily wounded.
The yaktaur hits you!
* * * LOW HITPOINT WARNING * * *
You bludgeon the yaktaur!!
You kill the yaktaur!
Kikubaaqudgha accepts your kill.
Your Fighting skill increases to level 9!
j - 134 bolts (gained 12)
You now have 608 gold pieces (gained 24).
Things that are here:
a +0 arbalest; a yaktaur corpse A yaktaur comes into view.
You are too berserk!
You feel a strong urge to attack something.
The yaktaur wields a +0 arbalest.
The yaktaur shoots a bolt.
The bolt hits you!!
You die...
Kikubaaqudgha rasps: "You have failed me!
Welcome... death!"

*,**,,*##.##**,**,,..###.*
*,**,,##...##****,*#.***.#
*,**,,#.....# *,***,,,**
*,**,,#.....# *,* **,**
*,**,,##.J.##****,* *,*
*,*#,,*##J##,,,,,,* *,***
*****.##..###+#**,***** *,,,,
*,,,,.......).# *,* *****
*,***###.####@#**,* *,* *,,,*
#..c..# *,* *,*** ####.## *,*
*,* **,,#
*,****,*******,*,**********
*,,,,,,,,,,,,,***,,,,,,,,,****
******,*******,*,********,,,,,
*,* **,,* ****** *,********,,*


You could see a yaktaur.

Vanquished Creatures
  A two-headed ogre (D:8)
  Pikel (D:4)
  2 ugly things (D:15)
  A yaktaur (D:15)
  A troll (D:12)
  A hornet (D:8)
  A wyvern (D:7)
  Eustachio (D:4)
  2 yaks (D:12)
  Menkaure (D:7)
  3 orc warriors (D:8)
  4 ice beasts
  2 black bears
  4 centaurs
  An ogre (D:6)
  A phantom (D:6)
  A lemure (D:4)
  3 kobold brigands
  2 elf zombies (Ossuary)
  3 scorpions
  2 bullfrogs
  3 killer bees (D:7)
  5 wights
  A howler monkey (D:6)
  4 centaur zombies (Ossuary)
  3 orc priests
  3 jellies
  2 gnoll shamans
  3 hounds
  A centaur skeleton (D:6)
  3 bullfrog skeletons
  2 iguanas (D:6)
  A scorpion zombie (D:5)
  12 orc wizards
  A killer bee zombie (D:7)
  A hound zombie (Ossuary)
  3 mummies (Ossuary)
  A howler monkey skeleton (D:6)
  8 gnolls
  5 adders
  2 shadow imps
  2 white imps
  2 adder zombies (Ossuary)
  An adder skeleton (D:4)
  3 worms
  2 dart slugs
  36 orcs
  5 endoplasms
  A giant cockroach (D:1)
  8 goblins
  6 hobgoblins
  10 jackals
  A quokka (D:2)
  4 ball pythons
  2 bats
  2 frilled lizards
  A gnoll zombie (Ossuary)
  3 goblin zombies (Ossuary)
  4 hobgoblin zombies (Ossuary)
  5 jackal zombies (Ossuary)
  23 kobolds
  5 kobold zombies (Ossuary)
  4 orc zombies (Ossuary)
  3 quokka zombies (Ossuary)
  4 rats
  A rat zombie (Ossuary)
240 creatures vanquished.

Vanquished Creatures (collateral kills)
  A kobold demonologist (D:12)
  3 kobold brigands (D:12)
  4 kobolds (D:12)
8 creatures vanquished.

Grand Total: 248 creatures vanquished

Notes
Turn   | Place    | Note
-------+----------+-------------------------------------------
     0 | D:1      | hilljack the Minotaur Gladiator began the quest for the
                  | Orb.
     0 | D:1      | Reached XP level 1. HP: 18/18 MP: 0/0
   313 | D:2      | Reached XP level 2. HP: 25/25 MP: 1/1
   683 | D:3      | Reached skill level 1 in Armour
   705 | D:3      | Reached XP level 3. HP: 24/31 MP: 2/2
   806 | D:3      | Found a radiant altar of Vehumet.
   815 | D:3      | Reached XP level 4. HP: 10/38 MP: 3/3
  1105 | D:3      | Found an ancient bone altar of Kikubaaqudgha.
  1119 | D:3      | Found a shimmering blue altar of Sif Muna.
  1132 | D:3      | Became a worshipper of Kikubaaqudgha
  1231 | D:3      | Reached XP level 5. HP: 44/45 MP: 4/4
  2311 | D:2      | Reached * piety under Kikubaaqudgha
  2311 | D:2      | Received a gift from Kikubaaqudgha
  3028 | D:3      | Reached XP level 6. HP: 52/52 MP: 5/5
  3484 | D:4      | Noticed Eustachio
  3497 | D:4      | Reached skill level 5 in Axes
  3539 | D:4      | Killed Eustachio
  3780 | D:4      | Found a blossoming altar of Fedhas.
  3789 | D:4      | Reached XP level 7. HP: 57/60 MP: 6/6
  3805 | D:4      | Found Hisixoge's Neck Hole.
  3856 | D:4      | Noticed Pikel
  3875 | D:4      | Reached skill level 5 in Dodging
  3920 | D:4      | Killed Pikel
  3921 | D:4      | Reached skill level 5 in Fighting
  3921 | D:4      | Reached XP level 8. HP: 13/69 MP: 7/7
  4420 | D:4      | You fall into a shaft and drop 2 floors!
  4424 | D:5      | Entered Level 5 of the Dungeon
  4471 | D:5      | Reached skill level 5 in Armour
  4543 | D:5      | Found a glowing golden altar of the Shining One.
  4668 | D:5      | Identified 2 scrolls of acquirement
  4668 | D:5      | Acquired the ring of Balance {Drain rF+++ Str+6 Int+4
                  | Dex+4}
  4669 | D:5      | Acquired the +4 triple crossbow of Xoiky {penet, rPois
                  | Int+5}
  5486 | D:5      | Reached ** piety under Kikubaaqudgha
  5842 | D:6      | Found a staircase to the Ecumenical Temple.
  5851 | D:6      | Reached XP level 9. HP: 69/78 MP: 8/8
  5924 | Temple   | Entered the Ecumenical Temple
  6168 | D:6      | Found a transporter.
  6175 | D:6      | Found a transporter.
  6182 | D:6      | Noticed Phlounder's ghost (novice HuSu)
  6183 | D:6      | Noticed a rust devil
  6184 | D:6      | Found a one-way gate to the infinite horrors of the Abyss.
  6184 | D:6      | Noticed a red ugly thing
  6319 | D:6      | Found a broken altar of Ashenzari.
  6535 | D:7      | Found a sand-covered staircase.
  6590 | Ossuary  | Entered an ossuary
  6658 | Ossuary  | Reached *** piety under Kikubaaqudgha
  6658 | Ossuary  | Received a gift from Kikubaaqudgha
  6969 | D:7      | Reached skill level 5 in Crossbows
  7585 | D:7      | Found a hide-covered altar of Uskayaw.
  7586 | D:7      | Noticed Menkaure
  7596 | D:7      | Killed Menkaure
  7742 | D:7      | Found Olaluk's CLEARANCE SALE! EVERYTHING MUST GO!.
  7877 | D:8      | Noticed a two-headed ogre
  7882 | D:8      | Reached **** piety under Kikubaaqudgha
  7887 | D:8      | Killed a two-headed ogre
  7888 | D:8      | Reached XP level 10. HP: 17/88 MP: 9/9
  8393 | D:8      | Found a snail-covered altar of Cheibriados.
  9012 | D:9      | You fall into a shaft and drop 3 floors!
  9039 | D:12     | Found a runed translucent gate.
  9040 | D:12     | Found a runed translucent gate.
  9041 | D:12     | Found a runed translucent gate.
  9042 | D:12     | Noticed an eye of devastation
  9042 | D:12     | a swamp worm changed into an eye of devastation
  9049 | D:12     | Noticed JackMcBride's ghost (journeyman MiFi)
  9050 | D:12     | Noticed a shining eye
  9050 | D:12     | an eye of devastation changed into a shining eye
  9051 | D:12     | Noticed a sea snake
  9051 | D:12     | a shining eye changed into a sea snake
  9051 | D:12     | Noticed a boulder beetle
  9053 | D:12     | Noticed a salamander
  9053 | D:12     | a sea snake changed into a salamander
  9054 | D:12     | a salamander changed into a meliai
  9058 | D:12     | Noticed a harpy
  9058 | D:12     | a meliai changed into a harpy
  9064 | D:12     | Noticed a salamander
  9069 | D:12     | a salamander changed into a queen bee
  9079 | D:12     | Noticed a glowing shapeshifter
  9079 | D:12     | a queen bee changed into a glowing shapeshifter
  9080 | D:12     | Noticed a shining eye
  9080 | D:12     | a glowing shapeshifter changed into a shining eye
  9160 | D:12     | Found Juoheiq's Book Shop.
  9172 | D:12     | Noticed a skeletal warrior
  9173 | D:12     | Noticed a skeletal warrior
  9180 | D:12     | You fall into a shaft and drop 3 floors!
  9180 | D:15     | Entered Level 15 of the Dungeon
  9285 | D:14     | Noticed a wizard
  9285 | D:14     | Noticed a tengu warrior
  9285 | D:14     | Noticed a tengu warrior
  9285 | D:14     | Noticed a five-headed hydra
  9288 | D:14     | Noticed Jorgrun
  9294 | D:14     | Noticed an orb spider
  9298 | D:14     | You fall into a shaft and drop 1 floor!
  9298 | D:15     | Noticed a red ugly thing
  9298 | D:15     | Noticed a green ugly thing
  9307 | D:15     | Killed a green ugly thing
  9307 | D:15     | Reached ***** piety under Kikubaaqudgha
  9309 | D:15     | Killed a cyan ugly thing
  9319 | D:15     | Shot with a bolt by a yaktaur

Illustrated notes

Levels and vault maps discovered:
D:1:      dpeg_arrival_water_fire, layout_basic
D:2:      minmay_angry_zag, layout_basic, minmay_misc_feat_cross
D:3:      layout_loops_ring, palyth_temple_overflow_mages
D:4:      layout_basic, lemuel_doored_altar, nicolae_shop_sticking_my_neck_out,
          uniq_pikel, uniq_eustachio
D:5:      layout_loops_cross, kennysheep_mini_moat, minmay_hedge_maze
D:6:      layout_rooms, mainiacjoe_overflow_tiny_flanked,
          minmay_temple_entry_sparse_star, gammafunk_ghost_abyssal_escape
D:7:      layout_loops_ring, nicolae_uskayaw_dance_studio,
          nicolae_ossuary_entry_monument, eino_small_chamber_without_monster,
          nicolae_shop_clearance, uniq_menkaure
D:8:      layout_basic, cheibriados_altar_1, special_room [special_room_orc]
D:9:      layout_basic, serial_shops, shop, uniq_prince_ribbit1
D:12:     layout_basic, hiddenorc1_lemuel, serial_shops, nicolae_diamond_shop,
          gammafunk_ghost_split
D:14:     layout_cave_pools, lemuel_crystal_altar, nemelex_lonely_heart_becter,
          uniq_jorgrun, uniq_agnes
D:15:     gammafunk_enter_depths_forms, layout_loops_ring, okawaru_gym_becter,
          grunt_ministairs_7, bloody_trog
Temple:   dpeg_three_leaves_temple

Skill      XL: |  1  2  3  4  5  6  7  8  9 10 |
---------------+-------------------------------+-----
Armour         | 1 2 3 4 5 7 8 |  8.5
Fighting       | 3 4 5 6 8 9 |  9.0
Axes           | 4 5 6 7 8 9 |  9.3
Dodging        | 4 5 6 7 8 |  8.6
Throwing       | 3 4 |  4.8
Crossbows      | 4 6 7 |  7.8

Action                   |  1- 3 |  4- 6 |  7- 9 | 10-12 || total
-------------------------+-------+-------+-------+-------++-------
Melee: War axe           |    28 |       |       |       ||    28
       Headbutt          |     6 |    10 |    62 |     6 ||    84
       Flail             |     4 |    97 |   233 |    22 ||   356
 Fire: Triple crossbow   |       |       |    25 |    53 ||    78
Throw: Boomerang         |       |    16 |       |       ||    16
       Throwing net      |       |       |     3 |       ||     3
Evoke: Wand              |       |     1 |       |       ||     1
  Use: Scroll            |       |     3 |    14 |     4 ||    21
       Potion            |       |     1 |       |     2 ||     3
 Stab: Sleeping          |       |     1 |     4 |       ||     5
Armor: Leather armour    |     6 |       |       |       ||     6
       Ring mail         |     3 |    33 |    85 |    11 ||   132
Dodge: Dodged            |    21 |    75 |   180 |    57 ||   333
